 Dungeon Crawl Stone Soup version 0.24-b1 (webtiles) character file.

Game seed: 969342848663894237, levelgen mode: deterministic

93 Ablot the Charmwright (level 4, 0/38 HPs)
             Began as a Gnoll Skald on Oct 13, 2019.
             Was an Initiate of Okawaru.
             Succumbed to an adder's poison
             ... on level 2 of the Dungeon.
             The game lasted 00:03:18 (1084 turns).

Ablot the Charmwright (Gnoll Skald)                 Turns: 1084, Time: 00:03:18

Health: 0/38       AC:  3    Str: 14    XL:     4   Next: 62%
Magic:  1/11       EV: 20    Int: 20    God:    Okawaru [......]
Gold:   100        SH:  0    Dex: 20    Spells: 2/13 levels left

rFire    . . .     SeeInvis .   k - +1 short sword (vamp)
rCold    . . .     Gourm    .   (no shield)
rNeg     . . .     Faith    .   b - +0 leather armour
rPois    .         Spirit   .   (no helmet)
rElec    .         Reflect  .   (no cloak)
rCorr    .         Harm     .   (no gloves)
MR       .....                  (no boots)
Stlth    +++.......             (no amulet)
HPRegen  0.12/turn              (no ring)
MPRegen  0.12/turn              (no ring)

@: brilliant, agile, lethally poisoned (0 -> -10), infused, very slightly
contaminated, invisible
A: distributed training, fangs 1, strong nose
a: Renounce Religion


You were on level 2 of the Dungeon.
You worshipped Okawaru.
Okawaru was noncommittal.
You were not hungry.

You visited 1 branch of the dungeon, and saw 2 of its levels.

You collected 100 gold pieces.

Inventory:

Hand Weapons
 a - a +0 spear
 k - a +1 vampiric short sword (weapon)
Missiles
 f - 102 stones (quivered)
 m - 24 bolts
 p - 21 sling bullets
 s - 17 arrows
Armour
 b - a +0 leather armour (worn)
 o - a +0 buckler
Scrolls
 e - 2 scrolls of remove curse {unknown}
 g - a scroll of enchant weapon {unknown}
 h - a scroll of teleportation {unknown}
 i - a scroll of amnesia {unknown}
 l - 2 scrolls of identify
 n - a scroll of enchant armour {unknown}
 u - a scroll of random uselessness {unknown}
Potions
 j - a potion of brilliance
 q - a potion of agility
 r - 2 potions of invisibility
Comestibles
 c - 6 chunks of flesh
 d - 4 rations


   Skills:
 + Level 4.6 Fighting
 + Level 1.2 Short Blades
 + Level 1.2 Long Blades
 + Level 1.2 Axes
 + Level 1.2 Maces & Flails
 + Level 4.6 Polearms
 + Level 1.2 Staves
 + Level 1.2 Slings
 + Level 1.2 Bows
 + Level 1.2 Crossbows
 + Level 1.2 Throwing
 + Level 2.8 Armour
 + Level 4.6 Dodging
 + Level 1.2 Stealth
 + Level 1.2 Shields
 + Level 1.2 Unarmed Combat
 + Level 5.1 Spellcasting
 + Level 1.0 Conjurations
 + Level 1.0 Hexes
 + Level 5.5 Charms
 + Level 1.0 Summonings
 + Level 1.0 Necromancy
 + Level 1.0 Translocations
 + Level 1.0 Transmutations
 + Level 1.0 Fire Magic
 + Level 1.0 Ice Magic
 + Level 1.0 Air Magic
 + Level 1.0 Earth Magic
 + Level 1.0 Poison Magic
 + Level 1.3 Invocations
 + Level 1.2 Evocations


You had 2 spell levels left.
You knew the following spells:

 Your Spells              Type           Power        Failure   Level  Hunger
a - Infusion              Chrm           ####         1%          1    None
b - Song of Slaying       Chrm           #####...     1%          2    None
c - Shroud of Golubria    Chrm/Tloc      ####..       1%          2    None
d - Regeneration          Chrm/Necr      ####......   1%          3    ##.....
e - Spectral Weapon       Hex/Chrm       ####....     1%          3    ##.....

Your spell library contained the following spells:

 Spells                   Type           Power        Failure   Level  Hunger


Dungeon Overview and Level Annotations

Branches:
Dungeon (2/15)

Altars:
Okawaru
Wu Jian
Xom
The Shining One


Innate Abilities, Weirdness & Mutations

Your experience applies equally to all skills.
You have very sharp teeth.
Your uncanny sense of smell can sniff out nearby items.


Message History

* * * LOW HITPOINT WARNING * * *
You feel sick.
It was a potion of brilliance.
You feel clever all of a sudden.
Your skin is crawling a little less now.
* * * LOW HITPOINT WARNING * * *
You feel sick.
It was a potion of agility.
You feel agile all of a sudden.
* * * LOW HITPOINT WARNING * * *
You feel sick.
* * * LOW HITPOINT WARNING * * *
You feel sick.
Okay, then.
* * * LOW HITPOINT WARNING * * *
You feel sick.
* * * LOW HITPOINT WARNING * * *
You feel sick.
Your skin stops crawling.
You die...

. #..# #. #.## #..
#### #.# .. ... #.#
∆ #.##.# ##.# . ∆
#....##### #..# . ∆
##†....# #.## .#
#..###.# #####.###
.#
#@####.###....(...
.# .#
##).............###
.########.
...######....####
..........
..#####...##...#
..######.. ##.#
##...######.####
...# #.# #.. #..###
#....# .#.## #.# #.#
#.## ####.#
.#..####.# ##.####.#
#.#
.##...##.###..##...#
##..


There were no monsters in sight!

Vanquished Creatures
  4 adders (D:2)
  A shadow imp (D:2)
  2 dart slugs
  2 ball pythons (D:1)
  7 goblins
  8 hobgoblins
  A quokka (D:2)
  8 bats
  A frilled lizard (D:1)
  6 kobolds
  4 rats
44 creatures vanquished.

Notes
Turn   | Place    | Note
-------+----------+-------------------------------------------
     0 | D:1      | Ablot the Gnoll Skald began the quest for the Orb.
     0 | D:1      | Reached XP level 1. HP: 20/20 MP: 6/6
   150 | D:1      | Reached XP level 2. HP: 26/26 MP: 7/7
   154 | D:1      | Learned a level 2 spell: Song of Slaying
   157 | D:1      | Learned a level 2 spell: Shroud of Golubria
   385 | D:1      | Reached XP level 3. HP: 23/31 MP: 6/9
   391 | D:1      | Reached skill level 5 in Spellcasting
   655 | D:2      | Reached skill level 1 in Invocations
   792 | D:2      | Found an ornate altar of the Wu Jian Council.
   806 | D:2      | Found a glowing golden altar of the Shining One.
   847 | D:2      | Found an iron altar of Okawaru.
   852 | D:2      | Became a worshipper of Warmaster Okawaru
   867 | D:2      | Found a shimmering altar of Xom.
   927 | D:2      | Reached skill level 1 in Short Blades
   927 | D:2      | Reached skill level 1 in Long Blades
   927 | D:2      | Reached skill level 1 in Axes
   927 | D:2      | Reached skill level 1 in Maces & Flails
   927 | D:2      | Reached skill level 1 in Staves
   927 | D:2      | Reached skill level 1 in Slings
   927 | D:2      | Reached skill level 1 in Bows
   927 | D:2      | Reached skill level 1 in Crossbows
   927 | D:2      | Reached skill level 1 in Throwing
   927 | D:2      | Reached skill level 1 in Stealth
   927 | D:2      | Reached skill level 1 in Shields
   927 | D:2      | Reached skill level 1 in Unarmed Combat
   927 | D:2      | Reached skill level 1 in Evocations
   931 | D:2      | Reached XP level 4. HP: 38/38 MP: 7/11
   953 | D:2      | Learned a level 3 spell: Regeneration
   957 | D:2      | Learned a level 3 spell: Spectral Weapon
  1076 | D:2      | HP: 1/38 [poisoned by an adder]
  1077 | D:2      | Reached skill level 1 in Conjurations
  1077 | D:2      | Reached skill level 1 in Hexes
  1077 | D:2      | Reached skill level 1 in Summonings
  1077 | D:2      | Reached skill level 1 in Necromancy
  1077 | D:2      | Reached skill level 1 in Translocations
  1077 | D:2      | Reached skill level 1 in Transmutations
  1077 | D:2      | Reached skill level 1 in Fire Magic
  1077 | D:2      | Reached skill level 1 in Ice Magic
  1077 | D:2      | Reached skill level 1 in Air Magic
  1077 | D:2      | Reached skill level 1 in Earth Magic
  1077 | D:2      | Reached skill level 1 in Poison Magic
  1081 | D:2      | HP: 1/38 [poisoned by an adder]
  1084 | D:2      | Succumbed to an adder's poison

Skill      XL: |  1  2  3  4 |
---------------+-------------+-----
Spellcasting   | 5 |  5.1
Invocations    | 1 |  1.3
Short Blades   | 1 |  1.2
Long Blades    | 1 |  1.2
Axes           | 1 |  1.2
Maces & Flails | 1 |  1.2
Staves         | 1 |  1.2
Slings         | 1 |  1.2
Bows           | 1 |  1.2
Crossbows      | 1 |  1.2
Throwing       | 1 |  1.2
Stealth        | 1 |  1.2
Shields        | 1 |  1.2
Unarmed Combat | 1 |  1.2
Evocations     | 1 |  1.2
Conjurations   | 1 |  1.0
Hexes          | 1 |  1.0
Summonings     | 1 |  1.0
Necromancy     | 1 |  1.0
Translocations | 1 |  1.0
Transmutations | 1 |  1.0
Fire Magic     | 1 |  1.0
Ice Magic      | 1 |  1.0
Air Magic      | 1 |  1.0
Earth Magic    | 1 |  1.0
Poison Magic   | 1 |  1.0
Fighting       | |  4.6
Polearms       | |  4.6
Armour         | |  2.8
Dodging        | |  4.6
Charms         | |  5.5

Action                   |  1- 3 |  4- 6 || total
-------------------------+-------+-------++-------
Melee: Spear             |    72 |       ||    72
       Bite              |     6 |     3 ||     9
       Short sword       |    41 |    38 ||    79
 Cast: Shroud of Golubri |     5 |     2 ||     7
       Song of Slaying   |     1 |       ||     1
       Regeneration      |       |     2 ||     2
       Infusion          |       |     1 ||     1
  Use: Potion            |       |     3 ||     3
       Scroll            |       |     1 ||     1
 Stab: Sleeping          |     1 |       ||     1
  Eat: Chunk             |       |     1 ||     1
Armor: Leather armour    |    23 |     6 ||    29
Dodge: Dodged            |    86 |    19 ||   105
